 Dungeon Crawl Stone Soup version 0.29-a0-22-gbf593b16ee (webtiles) character file.

Game seed: 17933590118091556691

134 Ajdolov the Chopper (level 5, -1/47 HPs)
             Began as a Hill Orc Fighter on Jan 29, 2022.
             Slain by a gnoll (8 damage)
             ... on level 2 of the Dungeon.
             The game lasted 00:03:59 (2061 turns).

Ajdolov the Chopper (Hill Orc Fighter)              Turns: 2061, Time: 00:04:00

Health: -1/47      AC:  6    Str: 21    XL:     5   Next: 17%
Magic:  5/5        EV:  9    Int:  8    God:
Gold:   122        SH:  4    Dex: 10    Spells: 4/4 levels left

rFire   . . .      SeeInvis .   a - +0 war axe
rCold   . . .      Faith    .   c - +0 buckler
rNeg    . . .      Spirit   .   b - +0 scale mail
rPois   .          Reflect  .   (no helmet)
rElec   .          Harm     .   (no cloak)
rCorr   .          Rampage  .   (no gloves)
Will    .....                   (no boots)
Stlth   ..........              (no amulet)
HPRegen 0.15/turn               (no ring)
MPRegen 0.09/turn               (no ring)

@: no status effects
A: no striking features
a: no special abilities


You were on level 2 of the Dungeon.
You visited 1 branch of the dungeon, and saw 2 of its levels.

You collected 122 gold pieces.

Inventory:

Hand Weapons
 a - a +0 war axe (weapon)
Armour
 b - a +0 scale mail (worn)
 c - a +0 buckler (worn)
Jewellery
 k - a ring of flight
Scrolls
 f - 2 scrolls of blinking {unknown}
 g - a scroll of noise {unknown}
 i - a scroll of acquirement {unknown}
 j - 2 scrolls of identify {unknown}
Potions
 d - a potion of curing
 e - a potion of attraction
 h - a potion of resistance {unknown}


   Skills:
 + Level 4.9 Fighting
 * Level 5.8 Axes
 - Level 3.2 Armour
 - Level 3.2 Shields


You had 4 spell levels left.
You didn't know any spells.
Your spell library was empty.

Dungeon Overview and Level Annotations

Branches:
Dungeon (2/15)

Altars:

Shops:
D:1 (   D:2 [

Annotations:
D:1 exclusion: 2 downstairs
D:2 Natasha


Message History

You slash the scorpion!
The scorpion is almost dead.
The scorpion stings you. The scorpion closely misses you.
You hit the scorpion.
You kill the scorpion!
You have reached level 5!
You feel stronger.
You hit the endoplasm.
The endoplasm is moderately wounded.
The endoplasm freezes you.
You are frozen.
You hit the endoplasm.
The endoplasm is severely wounded.
The endoplasm hits you but does no damage.
The endoplasm barely misses you.
You hit the endoplasm but do no damage.
The endoplasm is severely wounded.
The endoplasm hits you but does no damage.
You hit the endoplasm.
You kill the endoplasm!
You hit the gnoll.
The gnoll is lightly wounded.
The gnoll hits you with a +0 flail.
You barely miss the gnoll.
The gnoll is lightly wounded.
The gnoll hits you with a +0 flail.
The gnoll hits you from afar with a +0 spear. x2
You hit the gnoll.
The gnoll is moderately wounded.
The gnoll hits you with a +0 flail.
* * * LOW HITPOINT WARNING * * *
The gnoll closely misses you.
You hit the gnoll but do no damage.
The gnoll is moderately wounded.
The gnoll hits you from afar with a +0 spear.
* * * LOW HITPOINT WARNING * * *
It was a potion of curing.
You feel better. The gnoll hits you with a +0 flail.
* * * LOW HITPOINT WARNING * * *
The gnoll hits you from afar with a +0 spear!
You die...

#(....g.. .........
##.##g#######.##.##.
##...#........ .. .
##.###.##.P..## #..
. #.## ##........
..# . #.# #...8P.##
#.## ##g....8..
#####..###g###..###
#>.......@## #....
#.###.##### #### #.#
#.#.. #.# #.#.# #.#
#.#.# ##.###.#.###
####
#..........#####
...##
#..###.........#
##..###..#
###.#.###.#


You could see 2 gnolls.

Vanquished Creatures
  A scorpion (D:2)
  A gnoll (D:1)
  An adder (D:2)
  An adder skeleton (D:2)
  A worm (D:2)
  2 dart slugs (D:1)
  2 bat skeletons (D:2)
  3 endoplasms
  6 giant cockroaches
  4 goblins
  3 hobgoblins (D:1)
  A quokka (D:1)
  4 ball pythons
  5 bats
  3 frilled lizards (D:1)
  2 giant cockroach zombies (D:2)
  5 kobolds (D:1)
  A quokka zombie (D:2)
  4 rats
50 creatures vanquished.

Notes
Turn   | Place    | Note
-------+----------+-------------------------------------------
     0 | D:1      | Ajdolov the Hill Orc Fighter began the quest for the Orb.
     0 | D:1      | Reached XP level 1. HP: 19/19 MP: 1/1
    66 | D:1      | Found a faded altar of an unknown god.
    96 | D:1      | Reached skill level 3 in Axes
   127 | D:1      | Found Veuv's Antique Weapon Emporium.
   142 | D:1      | Reached XP level 2. HP: 27/27 MP: 2/2
   354 | D:1      | Reached skill level 4 in Axes
   354 | D:1      | Reached XP level 3. HP: 33/33 MP: 3/3
  1247 | D:2      | Noticed a scorpion
  1295 | D:2      | Noticed Natasha
  1709 | D:2      | Reached XP level 4. HP: 36/41 MP: 4/4
  1836 | D:2      | Reached skill level 5 in Axes
  1952 | D:2      | Found Mublup's Armour Emporium.
  2052 | D:2      | Killed a scorpion
  2053 | D:2      | Reached XP level 5. HP: 35/47 MP: 5/5
  2061 | D:2      | Slain by a gnoll

Illustrated notes

Levels and vault maps discovered:
D:1:      lightli_arrival_statuegarden, layout_basic, serial_shops,
          nicolae_shop_hallway_plus, ebering_ecumenical_altar_webs
D:2:      layout_loops_ring, serial_shops, nicolae_shop_advertising_works
          [nicolae_subvault_shop_adworks], serial_undead, serial_undead_e,
          serial_undead_a, serial_undead_d, serial_undead_c, serial_undead_a,
          serial_undead_e, minmay_door_square, uniq_natasha

Skill      XL: |  1  2  3  4 |
---------------+-------------+-----
Axes           | 3 4 5 |  5.8
Fighting       | 4 |  4.9
Armour         | |  3.2
Shields        | |  3.2

Action                   |  1- 3 |  4- 6 || total
-------------------------+-------+-------++-------
Melee: War axe           |   112 |    37 ||   149
  Use: Potion            |     2 |     1 ||     3
Armor: Scale mail        |    49 |    23 ||    72
Dodge: Dodged            |    67 |    15 ||    82
Block: Buckler           |    20 |    10 ||    30

Table legend: (Time is in decaauts)
 A = Elapsed time spent in this place.
 B = Non-inter-level travel time spent in this place.
 C = Inter-level travel time spent in this place.
 D = Time resting spent in this place.
 E = Time spent auto-exploring this place.
 F = Levels seen in this place.
 G = Mean time per level.
                   A        B        C        D        E       F      G
               +--------+--------+--------+--------+--------+-----+--------+
         Total |   2106 |   2012 |     94 |    253 |   1303 |   2 | 1053.0 |
       Dungeon |   2106 |   2012 |     94 |    253 |   1303 |   2 | 1053.0 |
               +--------+--------+--------+--------+--------+-----+--------+

Top non-repeatable levels by time:
     D:1: 1582 daAuts
     D:2: 524 daAuts
